[Event "*** Titled Tuesday Blitz AM"]
[Site "Chess.com"]
[Date "2020.01.07"]
[Round "8"]
[White "Flawless_Fighter"]
[Black "liczner"]
[Result "0-1"]
[WhiteElo "2479"]
[BlackElo "2810"]
[TimeControl "180+2"]
[EndTime "10:51:14 PST"]
[Termination "liczner won by resignation"]

1. e4 c6 2. d4 d5 3. exd5 cxd5 4. Bd3 Nc6 5. c3 Nf6 6. Bf4 Bg4 7. Qb3 Qc8 8. Nd2 e6 9. Ngf3 Be7 10. O-O Bh5 11. Rfe1 Bg6 12. Bxg6 hxg6 13. a4 O-O 14. a5 Bd8 15. a6 bxa6 16. Qa4 a5 17. Bd6 Re8 18. Ne5 Nxe5 19. dxe5 Nd7 20. Nb3 Bc7 21. Nxa5 Bxd6 22. exd6 Nb6 23. Qc6 Rd8 24. Qxc8 Raxc8 25. c4 Nxc4 26.
Nxc4 Rxc4 27. Rxa7 Rxd6 28. Rb7 Ra6 29. g3 g5 30. h3 Rc2 31. Re3 Rcc6 32. Kg2 Rab6 33. Rxb6 Rxb6 34. b3 Kf8 35. Rc3 Ke7 36. Kf3 Kd6 37.
Kg4 f6 38. Kh5 d4 39. Rd3 e5 40.
Kg6 Rb7 41. f4 gxf4 42. gxf4 Kd5 43. Kf5 e4 44. Rd1 d3 45. Ra1 d2 46. Ra5+ Kd4 47. Ra4+ Kd3 48. Ra1 0-1

[Event "*** Titled Tuesday Blitz AM"]
[Site "Chess.com"]
[Date "2020.01.07"]
[Round "8"]
[White "Hadza_3"]
[Black "NZT72"]
[Result "0-1"]
[WhiteElo "2363"]
[BlackElo "2522"]
[TimeControl "180+2"]
[EndTime "10:51:14 PST"]
[Termination "NZT72 won by resignation"]

1. e4 e5 2. Nc3 Nf6 3. Bc4 Nc6 4. d3 Na5 5. Bb3 Nxb3 6. axb3 d5 7. exd5 Nxd5 8. Qf3 Nxc3 9. bxc3 Bd6 10. Ne2 O-O 11. Ng3 f5 12. O-O a6 13. Qd5+ Kh8 14. f4 exf4 15. Nh5 c6 16. Qd4 Qe7 17. Kh1 Be5 18. Re1 Bxd4 19. Rxe7 Bxc3 20. Ra4 g6 21. Rc4 Ba1 22.
Nxf4 Bf6 23. Re1 Bd7 24. Ba3 Rfe8 25. Rf1 b5 26. Rc5 Be7 27. h4 Bxc5 28. Bxc5 a5 29. Bd4+ Kg8 30. h5 g5 31. Nh3 h6 32. Nf2 Re2 33. g4 Rf8 34. Bc5 Rf7 35. Kg2 Rxc2 36. Kg3 f4+ 37. Kg2 Be6 38. Re1 Bd5+ 39. Kg1 Rxc5 40. Re8+ Rf8 41. Re5 Rc1+ 42. Kh2 Rc2 43. Kg1 a4 44. bxa4 bxa4 45. Re7 a3 46. d4 a2 47. Ra7 Rc1+ 48. Kh2 a1=Q 0-1

[Event "*** Titled Tuesday Blitz AM"]
[Site "Chess.com"]
[Date "2020.01.07"]
[Round "8"]
[White "platy3"]
[Black "Leonid_Starozhilov"]
[Result "1-0"]
[WhiteElo "2885"]
[BlackElo "2698"]
[TimeControl "180+2"]
[EndTime "10:51:16 PST"]
[Termination "platy3 won by resignation"]

1. e4 d6 2. d4 g6 3. f3 Bg7 4. c4 Nf6 5. Nc3 Nc6 6. Be3 a6 7. Qd2 O-O 8. h4 h5 9. Nge2 Na5 10. Nc1 b6 11. Bd3 c5 12. d5 Rb8 13. Rb1 e6 14. b3 exd5 15. cxd5 b5 16. Bf4 Re8 17. N1e2 b4 18. Nd1 Qc7 19. Ne3 Nd7 20. Rc1 Ne5 21. O-O Bd7 22. Rfd1 Qd8 23. Bg5 Bf6 24.
Bxf6 Qxf6 25. Qe1 Bb5 26. Bxb5 axb5 27. Qg3 c4 28. Qg5 Qxg5 29. hxg5 Rec8 30. Nd4 c3 31. Nec2 f6 32. gxf6 Kf7 33. Nxb4 Kxf6 34. Ne2 g5 35.
Rxc3 Nb7 36. Rdc1 Nc5 37. Nd4 h4 38. Nf5 Rd8 39. Nc6 Nxc6 40. dxc6 Rbc8 41. b4 Ne6 42.
Rd3 Nf4 43. Rd2 d5 44. Kf1 dxe4 45. Rxd8 Rxd8 46. c7 Rc8 47. Nd6 Rxc7 48. Rxc7 e3 49. Rc2 Ke5 50. Nxb5 1-0

[Event "*** Titled Tuesday Blitz AM"]
[Site "Chess.com"]
[Date "2020.01.07"]
[Round "8"]
[White "FairChess_on_YouTube"]
[Black "BocharovD"]
[Result "1-0"]
[WhiteElo "3011"]
[BlackElo "2778"]
[TimeControl "180+2"]
[EndTime "10:51:22 PST"]
[Termination "FairChess_on_YouTube won by resignation"]

1. d4 Nf6 2. c4 e6 3. Nf3 d5 4.
e3 b6 5. Nc3 a6 6. cxd5 exd5 7.
Bd3 Bb7 8. O-O Bd6 9. Ne5 O-O 10. f4 c5 11. Kh1 Nbd7 12. Qf3 b5 13. Qh3 Nb6 14. Ne2 Ne4 15. dxc5 Bxc5 16. Nd4 Nc4 17. b3 Bxd4 18. exd4 Ncd6 19. Ba3 Bc8 20. Qh5 Bf5 21. Bxd6 g6 22. Qh6 Nxd6 23. Rf3 Qf6 24. g4 Bxd3 25. Rxd3 Qg7 26. Qxg7+ Kxg7 27. Rc3 b4 28. Rc6 Nb5 29.
Rd1 Rfc8 30. Rc5 Rxc5 31. dxc5 Nc3 32. Ra1 f6 33. Nd3 a5 34. a3 bxa3 35. Rxa3 Rb8 36. Rxa5 Rxb3 37. c6 Ne4 38. c7 Rc3 39. Nc5 Rc1+ 40.
Kg2 Rc2+ 41. Kf3 Rc3+ 42. Ke2 Rc2+ 43. Kd3 Rxc5 44. Rxc5 Nxc5+ 45. Kc2 1-0

[Event "*** Titled Tuesday Blitz AM"]
[Site "Chess.com"]
[Date "2020.01.07"]
[Round "8"]
[White "Artem_Ilyin"]
[Black "DrVelja"]
[Result "1/2-1/2"]
[WhiteElo "2535"]
[BlackElo "2687"]
[TimeControl "180+2"]
[EndTime "10:51:25 PST"]
[Termination "Game drawn by repetition"]

1. d4 Nf6 2. c4 g6 3. Nc3 Bg7 4. Bg5 O-O 5. e3 d6 6. Nf3 Nbd7 7. Be2 b6 8. O-O Bb7 9. Qc2 e5 10. b4 h6 11. Bh4 Qe7 12. Rfd1 Qe6 13. a4 a5 14. b5 Rae8 15. Rac1 e4 16. Nd2 Qe7 17. Nb3 g5 18. Bg3 h5 19. h3 h4 20. Bh2 Rc8 21. Qb1 Qe6 22. c5 dxc5 23. dxc5 Nxc5 24. Nxc5 bxc5 25. Qa2 Qf5 26. Qc4 g4 27. hxg4 Nxg4 28.
Bf4 Ne5 29. Bxe5 Bxe5 30. Nd5 Qg5 31. Nf4 Bxf4 32. exf4 Qxf4 33. Qxc5 Rfe8 34. Qe3 Qf6 35. Rc5 Re5 36. Rdc1 c6 37. b6 Rd8 38. Rxe5 Qxe5 39. Rc5 Rd5 40. Rc4 Qa1+ 41. Kh2 Qe5+ 42. Kg1 Qa1+ 43.
Kh2 Qe5+ 44. Kg1 1/2-1/2

[Event "*** Titled Tuesday Blitz AM"]
[Site "Chess.com"]
[Date "2020.01.07"]
[Round "8"]
[White "Chesswizard_2007"]
[Black "bhavesh1810"]
[Result "0-1"]
[WhiteElo "2487"]
[BlackElo "2068"]
[TimeControl "180+2"]
[EndTime "10:51:25 PST"]
[Termination "bhavesh1810 won on time"]

1. d4 Nf6 2. c4 g6 3. f3 Bg7 4. e4 d6 5. Nc3 O-O 6. Bg5 h6 7. Be3 e5 8. d5 Nh5 9. Qd2 Kh7 10.
Nge2 f5 11. exf5 gxf5 12. g4 fxg4 13. fxg4 Bxg4 14. O-O-O Nd7 15. Rg1 Ndf6 16. h3 Bd7 17.
Ng3 Nxg3 18. Rxg3 Rf7 19. Be2 Qf8 20. Rdg1 a6 21. Bd3+ Kh8 22. Bg6 Re7 23. Rf3 Be8 24.
Bxe8 Raxe8 25. Qf2 Rf7 26. Qh4 Kh7 27. Kb1 Nxd5 28.
Rxg7+ Qxg7 29. Qe4+ Kh8 30. Nxd5 Rxf3 31. Qxf3 c6 32. Nc3 Rf8 33. Qh5 Kh7 34. Ne4 Qg6 35. Qxg6+ Kxg6 36. Nxd6 Rf3 37. Bc5 b5 38. cxb5 axb5 39.
Nc8 Rxh3 40. Ne7+ Kf7 41. Nxc6 Ke6 42. Bb4 h5 43. Bc3 e4 44. Nd4+ Kd5 45. Nxb5 h4 46. Nd4 Rh1+ 47. Kc2 h3 48. Nf5 h2 49. Ne3+ Ke6 50. Ng4 Rc1+ 51. Kxc1 h1=Q+ 52. Kc2 Qg2+ 53. Kb3 Qxg4 54. Bd4 Kd5 55. Ba7 Qd1+ 56. Kb4 Qd3 57. a4 e3 58. a5 e2 59. Bf2 Qd2+ 60. Kb5 Qxb2+ 61. Ka6 Kc6 62. Bb6 e1=Q 63. Ka7 Qxa5+ 64. Kb8 Qbxb6+ 0-1

[Event "*** Titled Tuesday Blitz AM"]
[Site "Chess.com"]
[Date "2020.01.07"]
[Round "8"]
[White "attack2mateU"]
[Black "AwareIdea"]
[Result "1-0"]
[WhiteElo "2719"]
[BlackElo "2536"]
[TimeControl "180+2"]
[EndTime "10:51:27 PST"]
[Termination "attack2mateU won by resignation"]

1. e4 c5 2. Nf3 e6 3. c3 Nf6 4. e5 Nd5 5. d4 Nc6 6. c4 Nc7 7. d5 exd5 8. cxd5 Nb4 9. Nc3 d6 10.
a3 Nba6 11. Bg5 Be7 12. Bxe7 Qxe7 13. Ne4 O-O 14. Bxa6 Nxa6 15. Nxd6 Bg4 16. O-O Bxf3 17. Qxf3 Qxe5 18. Nc4 Qd4 19. Rac1 Rad8 20. Rfd1 Qf6 21.
Qxf6 gxf6 22. d6 Rd7 23. Ne3 Rfd8 24. Nf5 b6 25. Rd3 Re8 26. Kf1 Nb8 27. Re1 Re6 28. Rg3+ Kf8 29. Rg7 Rxe1+ 30. Kxe1 Rxd6 31. Rxh7 Re6+ 32.
Kd2 Kg8 33. Rg7+ Kf8 34. Rh7 Kg8 35. Rh3 Nc6 36. Rd3 Re5 37. g4 Ne7 38. f4 Re4 39. Re3 Rxe3 40. Kxe3 Nxf5+ 41. gxf5 Kg7 42. Ke4 Kh6 43.
Kd5 Kh5 44. Kc6 Kg4 45. Kb7 Kxf4 46. Kxa7 Kxf5 47. Kxb6 Ke4 48. a4 f5 49. a5 f4 50.
a6 f3 51. a7 f2 52. a8=Q+ Ke3 53. Qg2 Ke2 54. Kxc5 Ke1 55. Qe4+ Kd1 56. Qf3+ Ke1 57. Qe3+ Kf1 58. Kd4 Kg2 59. Qg3+ Kf1 60. Ke3 Ke1 61.
Qxf2+ 1-0

[Event "*** Titled Tuesday Blitz AM"]
[Site "Chess.com"]
[Date "2020.01.07"]
[Round "8"]
[White "GMBenjaminBok"]
[Black "Alexander_Moskalenko"]
[Result "0-1"]
[WhiteElo "2873"]
[BlackElo "2820"]
[TimeControl "180+2"]
[EndTime "10:51:29 PST"]
[Termination "Alexander_Moskalenko won by resignation"]

1. Nf3 d5 2. g3 Nf6 3. Bg2 c6 4. c4 Bg4 5. Ne5 Be6 6. cxd5 Bxd5 7. Nf3 c5 8. Nc3 Bc6 9. O-O e6 10. Qc2 Nbd7 11. Rd1 Rc8 12. e4 e5 13. a4 Be7 14.
d3 O-O 15. Nd2 Ne8 16. Nc4 Nc7 17. Bh3 Ne6 18. Bxe6 fxe6 19. b3 b6 20. Bb2 Ba8 21. Kg2 Qc7 22. Qe2 Rf7 23. Qg4 Rf6 24. Rd2 a6 25.
Rf1 Rcf8 26. Ne3 Bc6 27. Qe2 b5 28. axb5 axb5 29. Ng4 Rg6 30. h4 Bxh4 31. Nd1 Bg5 32. Rc2 h5 33. Nh2 h4 34. Qh5 Rff6 35. Ng4 Kf7 36.
Nxf6 Nxf6 37. Qe2 hxg3 38. fxg3 Bf4 39. Rf3 Nh5 40. Kf2 Nxg3 41. Qe1 Qd6 42. Qc3 Nxe4+ 43. dxe4 Bxe4 44. Rd2 Qe7 45. Qxe5 Qh4+ 46. Kf1 Qh1+ 47. Ke2 Qxf3+ 0-1

[Event "*** Titled Tuesday Blitz AM"]
[Site "Chess.com"]
[Date "2020.01.07"]
[Round "8"]
[White "Gnechko_Ruslan"]
[Black "peteseeger"]
[Result "1-0"]
[WhiteElo "2474"]
[BlackElo "2166"]
[TimeControl "180+2"]
[EndTime "10:51:31 PST"]
[Termination "Gnechko_Ruslan won by resignation"]

1. e4 g6 2. d4 Bg7 3. Nc3 c6 4. Nf3 d6 5. h3 Nd7 6. a4 Qc7 7. a5 Ngf6 8. Bc4 O-O 9. O-O Rb8 10. Bf4 e5 11. dxe5 dxe5 12. Be3 b5 13. axb6 axb6 14. Qc1 b5 15. Bd3 Bb7 16. b4 Ra8 17. Rxa8 Rxa8 18. Bh6 Qb6 19. Bxg7 Kxg7 20. Qb2 Kg8 21.
Ra1 Rxa1+ 22. Qxa1 c5 23. bxc5 Qxc5 24. Bxb5 Nb6 25.
Bd3 Nc4 26. Qb1 Nd6 27. Qb3 Nfxe4 28. Nxe4 Bxe4 29. Bxe4 Nxe4 30. Qb8+ Kg7 31. Qxe5+ Qxe5 32. Nxe5 Kf6 33. Nd3 Ke6 34. Kf1 Kd5 35. Ke2 Kd4 36.
f3 Nd6 37. Nf4 Kc3 38. Kd1 Nf5 39. Nd5+ Kd4 40. g4 Nh4 41. Nf6 Nxf3 42. Nxh7 Ke4 43. Nf6+ Kf4 44. Ke2 Nd4+ 45. Kd3 Nxc2 46. Kxc2 Kg5 47.
Ne4+ Kh4 48. g5 Kxh3 49. Kd3 Kg4 50. Kd4 Kf5 51. Kd5 1-0

[Event "*** Titled Tuesday Blitz AM"]
[Site "Chess.com"]
[Date "2020.01.07"]
[Round "8"]
[White "Gabrielian_Artur"]
[Black "Azatic"]
[Result "0-1"]
[WhiteElo "2789"]
[BlackElo "2587"]
[TimeControl "180+2"]
[EndTime "10:51:37 PST"]
[Termination "Azatic won by resignation"]

1. d4 Nf6 2. c4 g6 3. Nc3 Bg7 4. e4 O-O 5. Be2 d6 6. Bg5 Na6 7. Qd2 Qe8 8. h4 e5 9. d5 Nc5 10. Bxf6 Bxf6 11. h5 a5 12. Nf3 Qe7 13. Nh2 Bg5 14. Qc2 f5 15. hxg6 hxg6 16. Nf3 fxe4 17. Nd2 Bf5 18. Ndxe4 a4 19. g4 Bxe4 20. Nxe4 Nxe4 21.
Qxe4 Qf6 22. f3 a3 23. b3 Qg7 24. Bd3 Rf4 25. Qxg6 Qxg6 26. Bxg6 Rxf3 27. Bf5 Kg7 28. Rh7+ Kf6 29. Ke2 e4 30. Rah1 Ke5 31. Rg7 Re3+ 32. Kf2 Rf3+ 33. Kg2 Bf6 34. Rg6 Rc3 35. Bxe4 Kxe4 36.
Rxf6 Rc2+ 37. Rf2 Rb2 38. Rh7 Rf8 39. Rxb2 axb2 40. Rh1 Kd3 41. Kg3 Kc2 42. Rh2+ Kb1 43. b4 Kxa2 44. c5 Ka1 0-1

[Event "*** Titled Tuesday Blitz AM"]
[Site "Chess.com"]
[Date "2020.01.07"]
[Round "8"]
[White "vova-79"]
[Black "FedaMaster"]
[Result "1/2-1/2"]
[WhiteElo "2601"]
[BlackElo "2448"]
[TimeControl "180+2"]
[EndTime "10:51:39 PST"]
[Termination "Game drawn by repetition"]

1. d4 Nf6 2. c4 g6 3. Nf3 Bg7 4. g3 O-O 5. Bg2 d5 6. cxd5 Nxd5 7. O-O Nb6 8. Nc3 Nc6 9. e3 e5 10. d5 e4 11. dxc6 Qxd1 12. Rxd1 exf3 13. Bxf3 bxc6 14. Be2 Be6 15. Bd2 Rfd8 16. Be1 Nd5 17. Rac1 Nxc3 18. Rxd8+ Rxd8 19. Bxc3 Bxc3 20. Rxc3 Rd2 21. Bc4 Bh3 22. Rc1 Rxb2 23. e4 a5 24. Bf1 Be6 25. Bc4 Bxc4 26.
Rxc4 Rxa2 27. Rxc6 Re2 28. f3 a4 29. Ra6 Ra2 30. Rc6 Rb2 31. Ra6 Rb4 32. Kf2 c5 33.
Ke3 Rb3+ 34. Ke2 a3 35. f4 c4 36. e5 Rb2+ 37. Ke3 a2 38. Kd4 Rxh2 39. Kxc4 h5 40. Kd4 Rg2 41. Ke4 Rxg3 42. Rxa2 Kg7 43. Ra7 Rg1 44. Kf3 Re1 45. Kg3 Re3+ 46. Kf2 Re4 47.
Kf3 Re1 48. Kf2 Re4 49. Kf3 Re1 1/2-1/2

[Event "*** Titled Tuesday Blitz AM"]
[Site "Chess.com"]
[Date "2020.01.07"]
[Round "8"]
[White "Msb2"]
[Black "crescentmoon2411"]
[Result "1-0"]
[WhiteElo "2893"]
[BlackElo "2937"]
[TimeControl "180+2"]
[EndTime "10:51:46 PST"]
[Termination "Msb2 won by resignation"]

1. d4 Nf6 2. c4 e6 3. Nc3 Bb4 4. e3 O-O 5. Bd2 c5 6. a3 Bxc3 7.
Bxc3 Ne4 8. Ne2 d5 9. dxc5 dxc4 10. Qd4 Qxd4 11. Bxd4 e5 12. Bxe5 Nxc5 13. Nf4 Re8 14.
Bd6 Nb3 15. Rd1 b5 16. Nd5 Na6 17. Ne7+ Kh8 18. Nxc8 Raxc8 19. Be2 Nac5 20. O-O Na4 21. Rd5 a6 22. Be5 f6 23. Bc3 Nxc3 24. bxc3 Nc5 25.
Bg4 Rc7 26. Bf5 Na4 27. Rc1 g6 28. Bg4 Ree7 29. Bd1 Nc5 30. Bc2 Red7 31. Rcd1 Kg7 32. Kf1 Kf7 33. Ke2 Ke6 34. e4 Rxd5 35. Rxd5 f5 36.
Ke3 fxe4 37. Bxe4 Nxe4 38. Kxe4 Rf7 39. Rd2 g5 40. f3 Rf5 41. Rd8 Re5+ 42. Kd4 Rf5 43.
Ra8 Rd5+ 44. Ke4 Rd6 45. g3 Kf6 46. f4 g4 47. f5 h5 48. Kf4 Rc6 49. Rh8 Rc5 50.
Rh6+ Kg7 51. Rxh5 a5 52. f6+ 1-0

[Event "*** Titled Tuesday Blitz AM"]
[Site "Chess.com"]
[Date "2020.01.07"]
[Round "8"]
[White "Kubas1010"]
[Black "j_coca"]
[Result "1-0"]
[WhiteElo "2583"]
[BlackElo "2182"]
[TimeControl "180+2"]
[EndTime "10:51:46 PST"]
[Termination "Kubas1010 won by checkmate"]

1. d4 g6 2. e4 Bg7 3. Nf3 d6 4. Bc4 Nc6 5. c3 Nh6 6. h3 O-O 7. O-O Kh8 8. Bg5 f6 9. Be3 e5 10. dxe5 fxe5 11. Nbd2 Ng8 12. b4 h6 13. b5 Nce7 14.
Be2 g5 15. Ne1 Ng6 16. Bg4 Nf4 17. Kh2 Nf6 18. f3 h5 19. Bxc8 Qxc8 20. Qc2 Bh6 21.
Nd3 Rg8 22. Nf2 g4 23. g3 gxh3 24. Rg1 Ne2 25. Bxh6 Nxg1 26. Rxg1 Rg6 27. Be3 Qe6 28. Nxh3 Rag8 29. Qb3 Qe7 30. Qa4 Qh7 31. Qd1 Ng4+ 32. fxg4 hxg4 33. Rh1 gxh3 34. Rg1 Qd7 35. Qe2 c6 36.
Nf3 Qg4 37. Qd1 Qxe4 38. Qe2 d5 39. Nd2 Qc2 40. Qh5+ Kg7 41. Qxe5+ Kh7 42. Qh5+ Kg7 43.
Bd4+ Kf7 44. Rf1+ Ke8 45. Qe5+ Kd8 46. Qb8+ Ke7 47. Qxb7+ Kd8 48. Qa8+ Ke7 49. Qxa7+ Ke6 50. Qf7+ Kd6 51. Qf4+ Kd7 52. bxc6+ Kxc6 53. Rb1 Kd7 54. Rb7+ Ke6 55. Qe5# 1-0

[Event "*** Titled Tuesday Blitz AM"]
[Site "Chess.com"]
[Date "2020.01.07"]
[Round "8"]
[White "OparinGrigoriy"]
[Black "VladDobrov"]
[Result "1-0"]
[WhiteElo "3043"]
[BlackElo "2848"]
[TimeControl "180+2"]
[EndTime "10:51:51 PST"]
[Termination "OparinGrigoriy won by resignation"]

1. Nf3 d5 2. g3 g6 3. Bg2 Bg7 4. d4 Nf6 5. O-O O-O 6. c4 c6 7. Qa4 Ne4 8. Nc3 Nxc3 9. bxc3 Nd7 10.
cxd5 Nb6 11. Qb3 cxd5 12. a4 Bd7 13. Ne5 Bxe5 14. dxe5 Bc6 15. Be3 Nc4 16. Bd4 Nd2 17.
Qa3 Nxf1 18. Bxf1 Qd7 19. h4 h5 20. Kh2 Qd8 21. Qc1 Kh7 22. e6 fxe6 23. Qe3 Bd7 24.
Bh3 Qe8 25. Rg1 Rf5 26. Bxf5 exf5 27. Qe5 Qf7 28. a5 a6 29. f3 Bc6 30. g4 Qf6 31.
Qxf6 exf6 32. gxf5 gxf5 33. Bxf6 Rg8 34. Bg5 Re8 35. e3 Kg6 36. Kg3 Kf7 37. Kf4 Bb5 38. Kxf5 Rc8 39. Ke5 Rxc3 40. Bh6 Bc6 41. Rg7+ Ke8 42.
Kd6 d4 43. Re7+ Kd8 44. Bg5 Kc8 45. Rh7 Kb8 46. Rh8+ Ka7 47. Bf6 b6 48. Bxd4 Rc4 49. axb6+ Kb7 50. Rh7+ Kb8 51. Rc7 Bb5 52. Rxc4 Bxc4 53.
f4 Bd3 54. Ke5 a5 55. f5 a4 56. f6 Bc4 57. Kd6 Kb7 58. e4 1-0

[Event "*** Titled Tuesday Blitz AM"]
[Site "Chess.com"]
[Date "2020.01.07"]
[Round "8"]
[White "MiroVlasenko"]
[Black "WildTricks"]
[Result "1-0"]
[WhiteElo "2687"]
[BlackElo "2498"]
[TimeControl "180+2"]
[EndTime "10:51:52 PST"]
[Termination "MiroVlasenko won by resignation"]

1. d4 g6 2. c4 Bg7 3. Nc3 c5 4. d5 Bxc3+ 5. bxc3 f5 6. g4 fxg4 7. h3 d6 8. hxg4 Bxg4 9. f3 Bd7 10. Nh3 Nf6 11. Ng5 Qa5 12. Qd3 Na6 13. Qxg6+ Kd8 14. Qd3 Kc7 15. e4 Rhg8 16. Bf4 Raf8 17. Bd2 Rg6 18. Bh3 Bxh3 19. Nxh3 Rg3 20. Ng5 Kb8 21. Kf2 Rxg5 22. Bxg5 Ng4+ 23. Ke2 Ne5 24. Qc2 Rxf3 25. Raf1 Rxc3 26. Rf8+ Kc7 27. Qd2 Nxc4 28. Bxe7 Kb6 29.
Rb1+ Nb4 30. Bd8+ Kb5 31. Bxa5 Nxd2 32. Kxd2 Rc2+ 33. Kd1 Rh2 34. Bxb4 cxb4 35. Rf7 Kc4 36. Rxb7 Rh1+ 37. Kc2 Rh2+ 38. Kc1 Kc3 39. Rc7+ Kd3 40. Rb3+ Kxe4 41. Rxb4+ Kxd5 42. Rxa7 h5 43. Rh7 Rxa2 44.
Rxh5+ Kc6 45. Rc4+ Kd7 46. Rd4 Ra6 47. Rh6 Kc7 48.
Kd2 Rc6 49. Ke3 Ra6 50. Kf4 Rb6 51. Re6 Ra6 52. Rf6 Rb6 53. Kf5 Rb5+ 54. Kg6 Rb6 55. Kf7 Rc6 56. Ke7 Kc8 57. Rfxd6 Rc1 58. Rd7 Re1+ 59. Kd6 Rc1 60. Rh7 Kb8 1-0

[Event "*** Titled Tuesday Blitz AM"]
[Site "Chess.com"]
[Date "2020.01.07"]
[Round "8"]
[White "arjwezhrtdrz"]
[Black "przemekpiotrowski"]
[Result "1/2-1/2"]
[WhiteElo "2281"]
[BlackElo "2388"]
[TimeControl "180+2"]
[EndTime "10:51:54 PST"]
[Termination "Game drawn by stalemate"]

1. e4 c5 2. c3 Nf6 3. e5 Nd5 4. Nf3 b6 5. d4 cxd4 6. cxd4 Bb7 7. Bc4 e6 8. O-O d6 9. Bxd5 Bxd5 10. Nc3 Bxf3 11. Qxf3 d5 12. Qg4 Nc6 13. Be3 h5 14. Qg3 h4 15. Qg4 h3 16. g3 g6 17.
Rac1 Rc8 18. Ne2 Bh6 19. a3 Ne7 20. Qxh3 Rxc1 21. Rxc1 Nf5 22. Bxh6 Rxh6 23. Qg4 Qd7 24. h4 Qa4 25. Qf4 Qb5 26. Qd2 g5 27. hxg5 Rg6 28.
Nf4 Rxg5 29. Nxe6 Rxg3+ 30. fxg3 fxe6 31. Kf2 Kd7 32. g4 Ne7 33. Qc3 Ke8 34. Ke3 a5 35.
g5 Kf7 36. g6+ Kxg6 37. Qd3+ Nf5+ 38. Kd2 Qxb2+ 39. Rc2 Qxd4 40. Qxd4 Nxd4 41. Rb2 Nc6 42. Rxb6 Nxe5 43. Rxe6+ Kf5 44. Ra6 Ke4 45. Kc3 d4+ 46.
Kb2 d3 47. Kc1 Nc4 48. a4 Kd4 49. Ra8 Kc3 50. Rc8 Kb3 51. Kd1 Kb4 52. Rc7 Kb3 53. Rc6 Kb4 54. Rc8 Kb3 55. Kc1 Kc3 56. Kd1 d2 57.
Rxc4+ Kxc4 58. Kxd2 Kb3 59. Kc1 Kxa4 60. Kb1 Ka3 61.
Ka1 a4 62. Kb1 Kb3 63. Ka1 a3 64. Kb1 a2+ 65. Ka1 Ka3 1/2-1/2

[Event "*** Titled Tuesday Blitz AM"]
[Site "Chess.com"]
[Date "2020.01.07"]
[Round "8"]
[White "KRASAVCHIK2002"]
[Black "korbul"]
[Result "1/2-1/2"]
[WhiteElo "2476"]
[BlackElo "2629"]
[TimeControl "180+2"]
[EndTime "10:51:56 PST"]
[Termination "Game drawn by repetition"]

1. e4 c5 2. Nf3 e6 3. c3 Nf6 4. e5 Nd5 5. g3 g5 6. Bg2 g4 7.
Nh4 h5 8. O-O Be7 9. Bxd5 exd5 10. Nf5 d6 11. Nxe7 Qxe7 12. exd6 Qxd6 13. Re1+ Be6 14.
Qa4+ Qc6 15. Qxc6+ Nxc6 16. d4 cxd4 17. Bf4 O-O 18.
Rd1 dxc3 19. Nxc3 Rfd8 20. Rac1 d4 21. Nb5 Bxa2 22. Nd6 Rd7 23. Rc5 Rad8 24. Ne4 Rd5 25.
Nf6+ Kg7 26. Nxd5 Bxd5 27. Rxc6 Bxc6 28. Rxd4 Re8 29. Be3 Re5 30. h4 Ra5 31. Kf1 Bf3 32. Ke1 Ra2 33. Rb4 Kf6 34. Rb5 Ra1+ 35. Kd2 Kg6 36.
Rg5+ Kf6 37. Rxh5 a5 38. Kc3 a4 39. Kb4 Bc6 40. Bd4+ Ke6 41. Rg5 f5 42. h5 Rd1 43.
Be3 Rh1 44. Bd4 Kd5 45. Be3 Ke4 46. Kc3 Bd5 47. Kb4 Rh3 48. Kxa4 Bc4 49. Kb4 b5 50. Ka5 Rh1 51. b4 Ra1+ 52. Kb6 Rh1 53. Ka5 Ra1+ 54.
Kb6 Rh1 55. Ka5 1/2-1/2

[Event "*** Titled Tuesday Blitz AM"]
[Site "Chess.com"]
[Date "2020.01.07"]
[Round "8"]
[White "JuliaEfremova"]
[Black "marabu44"]
[Result "1-0"]
[WhiteElo "2023"]
[BlackElo "2294"]
[TimeControl "180+2"]
[EndTime "10:51:56 PST"]
[Termination "JuliaEfremova won by resignation"]

1. d4 f5 2. Bf4 d6 3. Nf3 c6 4. e3 Nf6 5. Be2 Qc7 6. h3 Nbd7 7. Bh2 e5 8. O-O e4 9. Nfd2 Nb6 10. c4 Qf7 11. Nc3 Be7 12. b4 O-O 13. a4 Kh8 14. a5 Nbd7 15. b5 d5 16. bxc6 bxc6 17. c5 Rg8 18. a6 g5 19. Qa4 Qe6 20. Nb3 Nf8 21.
Na5 Bd7 22. Rab1 Ng6 23. Nb7 f4 24. Rb2 g4 25. Bxf4 Nxf4 26. exf4 e3 27. Nd1 gxh3 28. g3 exf2+ 29. Kxf2 Rxg3 30. Kxg3 Rg8+ 31. Kf3 Rg2 32. Nc3 Nh5 33. Qc2 Qg4+ 34. Ke3 Qg3+ 35. Rf3 h2 36. Rb1 Qg7 37. Rh1 Ng3 38. Qd1 Nxh1 39. Qxh1 Bg4 40. Qxg2 h1=Q 41. Qxh1 Bf6 42. Rh3 Bxd4+ 43. Kd2 Bxc3+ 44.
Rxc3 Bxe2 45. Qh3 Bg4 46. Qe3 Qf7 47. Qe5+ Kg8 48. Rg3 h5 49. Nd6 Qh7 50. Qg5+ Kf8 51. Qd8+ Kg7 52. Qe7+ Kh6 53. Qf6+ Qg6 54. Nf7+ Kh7 55.
Qxg6+ Kxg6 56. Ne5+ Kf5 57. Nxg4 hxg4 58. Ke3 d4+ 59.
Kxd4 Kxf4 60. Rg1 Kf3 61. Ke5 g3 62. Kd6 Kf2 63. Rxg3 Kxg3 64. Kxc6 1-0

[Event "*** Titled Tuesday Blitz AM"]
[Site "Chess.com"]
[Date "2020.01.07"]
[Round "8"]
[White "Nathan_Filgueiras"]
[Black "Nbk90"]
[Result "1-0"]
[WhiteElo "2326"]
[BlackElo "2502"]
[TimeControl "180+2"]
[EndTime "10:51:58 PST"]
[Termination "Nathan_Filgueiras won on time"]

1. e4 c5 2. Nf3 e6 3. d4 cxd4 4. Nxd4 Nf6 5. Nc3 Nc6 6. Ndb5 Bc5 7. Nd6+ Ke7 8. Nxc8+ Rxc8 9. Bg5 Qb6 10. Qd2 Qxb2 11. Rb1 Qa3 12. Rxb7 Rhd8 13. Rb3 Qa5 14. Rb5 Qa3 15. Rb3 Qa5 16. Rb5 Qa3 17. e5 Nxe5 18. Rb3 Qxb3 19. axb3 Ke8 20. Bxf6 gxf6 21. Ne4 Be7 22.
Bd3 d5 23. Ng3 f5 24. O-O Rc7 25. Bb5+ Nd7 26. c4 a6 27. Bxa6 dxc4 28. bxc4 Nf6 29. Bb5+ Kf8 30. Qh6+ Kg8 31. Nh5 Nxh5 32. Qxh5 Bf6 33.
Rd1 Rcc8 34. Rxd8+ Rxd8 35. g3 Rd2 36. Qf3 Bd4 37.
Kg2 Kg7 38. h4 Kf6 39. Qc6 Rxf2+ 40. Kh3 Rc2 41. g4 Rc3+ 42. Kg2 fxg4 43. Qe4 e5 44. Qxg4 Rc2+ 45. Kf1 Ke7 46. Qg5+ Kd6 47. Qh5 Kc5 48. Qxh7 1-0

[Event "*** Titled Tuesday Blitz AM"]
[Site "Chess.com"]
[Date "2020.01.07"]
[Round "8"]
[White "ExcitingTrap"]
[Black "karinachess1"]
[Result "1-0"]
[WhiteElo "2333"]
[BlackElo "2463"]
[TimeControl "180+2"]
[EndTime "10:52:01 PST"]
[Termination "ExcitingTrap won on time"]

1. e4 c5 2. Nf3 a6 3. c3 d5 4.
exd5 Qxd5 5. d4 Bg4 6. Be2 Nf6 7. O-O e6 8. Be3 Nbd7 9. Nbd2 cxd4 10. Bxd4 Be7 11. h3 Bh5 12. Bc4 Qc6 13. Re1 O-O 14. Qb3 Rac8 15. Bxe6 fxe6 16. Rxe6 Bf7 17. Rxc6 Bxb3 18.
Rxc8 Rxc8 19. axb3 Bd6 20. Nc4 Bf8 21. Nb6 Nxb6 22.
Bxb6 Nd5 23. Bd4 Nf4 24. Kf1 Re8 25. Be3 Nd5 26. Bg5 h6 27. Bd2 Bc5 28. Re1 Rd8 29. Re5 Bb6 30. c4 Nf6 31. Re6 Bc5 32. Bxh6 Kf7 33.
Ng5+ Kg6 34. Ne4 Bd4 35. Nxf6 Bxf6 36. Be3 Rd1+ 37. Ke2 Rb1 38. Rb6 Rxb2+ 39. Kd3 a5 40. Bd4 Rb1 41. Bxf6 gxf6 42. Rxb7 a4 43. Kc2 Rf1 44.
bxa4 Rxf2+ 45. Kd3 Rxg2 46. c5 Rg3+ 47. Kc4 Rxh3 48.
c6 Rh1 49. c7 Rc1+ 50. Kb5 Kg5 51. Kb6 f5 52. Rb8 Rb1+ 53. Ka7 Rc1 54. c8=Q 1-0

[Event "*** Titled Tuesday Blitz AM"]
[Site "Chess.com"]
[Date "2020.01.07"]
[Round "8"]
[White "Grieve72"]
[Black "M1711"]
[Result "0-1"]
[WhiteElo "2327"]
[BlackElo "2539"]
[TimeControl "180+2"]
[EndTime "10:52:13 PST"]
[Termination "M1711 won by checkmate"]

1. d4 e6 2. e4 d5 3. Nd2 a6 4. Ngf3 Nf6 5. e5 Nfd7 6. Bd3 c5 7. c3 g5 8. Nf1 g4 9. Bg5 Be7 10. Bxe7 Qxe7 11. N3d2 h5 12. h3 Rg8 13. Ne3 Qg5 14. hxg4 hxg4 15. Ndf1 Nc6 16. Be2 cxd4 17. cxd4 Qf4 18.
Nc2 b5 19. Rh4 Bb7 20. Nfe3 O-O-O 21. Qd3 f5 22. g3 Qg5 23. O-O-O Rh8 24. Rdh1 Qg7 25.
Ng2 Rxh4 26. Rxh4 Rh8 27. Qe3 Nf8 28. a3 Ne7 29. Nb4 Nfg6 30. Qg5 Rg8 31. Rh5 Qf7 32. Qd2 Nxe5 33. Rh1 N5c6 34. Nd3 Nxd4 35. Ne5 Nxe2+ 36. Qxe2 Qf6 37. Nf4 Rd8 38. Qc2+ Kb8 39. Nfd3 d4 40.
Qd2 Bxh1 41. Qf4 Kb7 42. Nc5+ Kb6 43. Ned7+ Kc6 44. Nxf6 Kxc5 45. Qc7+ Nc6 46. b4+ Kc4 47. Nd7 d3 48. Kd2 Kb3 49. Ne5 Nxe5 50. Qxd8 Be4 51.
Qe7 Nc4+ 52. Kd1 Bf3+ 53. Ke1 d2+ 54. Kf1 d1=Q# 0-1